 Dungeon Sprint DCSS version 0.31-a0-1074-g0b22e4e0f1 (webtiles) character file.

Game seed: 16162839656590196457

1414 rocky1 the Basher (level 8, -10/87 HPs)
             Began as an Ogre Gladiator on Nov 28, 2023.
             Was a High Priest of Cheibriados.
             Mangled by a tyrant leech (24 damage)
             ... in the Dungeon (Sprint VII: "The Pits").
             The game lasted 00:02:32 (1197 turns).

rocky1 the Basher (Ogre Gladiator)                  Turns: 1197, Time: 00:02:32

Health: -10/87     AC:  3    Str: 34    XL:     8   Next: 71%
Magic:  2/16       EV: 11    Int: 22    God:    Cheibriados [*****.]
Gold:   0          SH:  0    Dex: 23    Spells: 7/7 levels left

rFire   . . .        q - +1 dire flail (venom)
rCold   . . .        (shield currently unavailable)
rNeg    . . .        b - +0 robe
rPois   .            c - +0 hat
rElec   .            (no cloak)
rCorr   .            (gloves unavailable)
SInv    .            (boots unavailable)
Will    .....        (no amulet)
Stlth   ++           (no ring)
HPRegen 0.34/turn    (no ring)
MPRegen 0.15/turn

%: no teleportation
@: very slow
A: large, unfitting armour, tough skin 1
a: Renounce Religion, Bend Time, Temporal Distortion, Slouch, Step From Time


You were in the Dungeon.
You worshipped Cheibriados.
Cheibriados was extremely pleased with you.
You visited 1 branch

Inventory:

Hand Weapons
 a - a +0 flail
 p - a +0 heavy flail
 q - a +1 dire flail of venom (weapon)
Missiles
 d - 3 throwing nets
 e - a large rock
Armour
 b - a +0 robe (worn)
 c - a +0 hat (worn)
Scrolls
 m - 2 scrolls of vulnerability
 n - 5 scrolls of amnesia
Potions
 f - 5 potions of curing
 g - 2 potions of heal wounds
 h - a potion of haste
 i - 4 potions of magic
 j - 3 potions of berserk rage
 l - 2 potions of invisibility


   Skills:
 - Level 7.0 Fighting
 * Level 14.0 Maces & Flails
 - Level 2.0 Throwing
 - Level 2.6 Dodging
 + Level 11.1 Invocations


You had 7 spell levels left.
You didn't know any spells.
Your spell library was empty.

Dungeon Overview and Level Annotations

Branches:
Dungeon (1/1)

Altars:
Ashenzari
Cheibriados
Dithmenos
Elyvilon
Fedhas
Gozag
Hepliaklqana
Kikubaaqudgha
Makhleb
Nemelex Xobeh
Okawaru
Qazlal
Ru
Sif Muna
Trog
Uskayaw
Vehumet
Wu Jian
Xom
Yredelemnul
Zin
The Shining One
Jiyva
Lugonu


Innate Abilities, Weirdness & Mutations

You are too large for most types of armour.
You have tough skin. (AC +1)


Message History

The tyrant leech is lightly wounded.
Your small abomination closely misses the tyrant leech.
You feel better.
Your small abomination hits the tyrant leech!
Your small abomination closely misses the tyrant leech.
You puncture the tyrant leech!
The tyrant leech looks as sick as possible!
The tyrant leech is severely wounded.
Your small abomination barely misses the tyrant leech.
Your small abomination closely misses the tyrant leech.
You hit the tyrant leech.
The tyrant leech is severely wounded.
You closely miss the tyrant leech.
The tyrant leech is severely wounded.
Your small abomination hits the tyrant leech but does no damage.
Your small abomination hits the tyrant leech!
The tyrant leech bites you.
* * * LOW HITPOINT WARNING * * *
The tyrant leech draws strength from your injuries!
You miss the tyrant leech.
The tyrant leech is severely wounded.
The tyrant leech is no longer moving slowly.
Your small abomination hits the tyrant leech!
Your small abomination hits the tyrant leech but does no damage.
You strike the helpless tyrant leech from behind!
You hit the tyrant leech.
The tyrant leech is almost dead.
The tyrant leech bites you!
* * * LOW HITPOINT WARNING * * *
The tyrant leech draws strength from your injuries!
Your small abomination hits the tyrant leech but does no damage.
You closely miss the tyrant leech.
The tyrant leech is almost dead.
Your small abomination barely misses the tyrant leech.
You barely miss the tyrant leech.
The tyrant leech is almost dead.
Your small abomination closely misses the tyrant leech.
Your small abomination misses the tyrant leech.
The tyrant leech bites you!!
You die...

#.#..########...<...#
#.#..'[))).##.......#
#)#..#[).).##.......#
#[###########.......#
#.).....#).##########
#.......#)######
#...#...#)#....#
#..###..#)#.x..#
#...#...#)').w@+
#.......#'#..x.#
#.......'รท#....#
################


You could see a tyrant leech (extremely poisoned, ally target) and 2 friendly
small abominations.

Vanquished Creatures
  A yaktaur (D)
  An efreet (D)
  Prince Ribbit (D)
  A glass eye (D)
  Edmund (D)
  A centaur (D)
  Blork the orc (D)
  A kobold brigand (D)
  A scorpion (D)
  A gnoll sergeant (D)
  An adder (D)
  4 gnolls (D)
  A white imp (D)
  An adder skeleton (D)
  An orc (D)
  An endoplasm (D)
  4 jackals (D)
  A ball python (D)
  2 ball python zombies (D)
26 creatures vanquished.

Notes
Turn   | Place    | Note
-------+----------+-------------------------------------------
     0 | D        | rocky1 the Ogre Gladiator began the quest for the Orb.
     0 | D        | Reached XP level 1. HP: 22/22 MP: 1/1
    23 | D        | Reached skill level 4 in Maces & Flails
    23 | D        | Reached XP level 2. HP: 15/29 MP: 2/2
   194 | D        | Found a bloodstained altar of Trog.
   194 | D        | Found a shimmering blue altar of Sif Muna.
   194 | D        | Found a viscous altar of Jiyva.
   194 | D        | Found a hazy altar of Hepliaklqana.
   194 | D        | Found an opulent altar of Gozag.
   195 | D        | Found a glowing golden altar of the Shining One.
   195 | D        | Found a glowing silver altar of Zin.
   195 | D        | Found a basalt altar of Yredelemnul.
   195 | D        | Found a shimmering altar of Xom.
   195 | D        | Found an ornate altar of the Wu Jian Council.
   195 | D        | Found a sacrificial altar of Ru.
   195 | D        | Found a stormy altar of Qazlal.
   195 | D        | Found an iron altar of Okawaru.
   195 | D        | Found a sparkling altar of Nemelex Xobeh.
   195 | D        | Found a burning altar of Makhleb.
   195 | D        | Found a blossoming altar of Fedhas.
   195 | D        | Found a white marble altar of Elyvilon.
   195 | D        | Found a shadowy altar of Dithmenos.
   195 | D        | Found a snail-covered altar of Cheibriados.
   198 | D        | Found a corrupted altar of Lugonu.
   198 | D        | Found a radiant altar of Vehumet.
   199 | D        | Found an ancient bone altar of Kikubaaqudgha.
   199 | D        | Found a hide-covered altar of Uskayaw.
   199 | D        | Found a broken altar of Ashenzari.
   206 | D        | Became a worshipper of Cheibriados the Contemplative
   244 | D        | Reached * piety under Cheibriados
   246 | D        | Reached skill level 5 in Maces & Flails
   247 | D        | Reached ** piety under Cheibriados
   249 | D        | Reached *** piety under Cheibriados
   278 | D        | Reached skill level 1 in Invocations
   278 | D        | Reached XP level 3. HP: 17/36 MP: 2/4
   447 | D        | Noticed a glass eye
   457 | D        | Reached **** piety under Cheibriados
   466 | D        | Killed a glass eye
   467 | D        | Reached skill level 8 in Maces & Flails
   467 | D        | Reached skill level 5 in Invocations
   467 | D        | Reached XP level 4. HP: 55/55 MP: 4/8
   467 | D        | Reached XP level 5. HP: 62/62 MP: 4/9
   663 | D        | Noticed Edmund
   663 | D        | Noticed Blork the orc
   667 | D        | Reached ***** piety under Cheibriados
   667 | D        | Noticed a kobold brigand
   668 | D        | Reached skill level 9 in Maces & Flails
   668 | D        | Reached XP level 6. HP: 58/71 MP: 10/10
   675 | D        | Reached skill level 10 in Maces & Flails
   680 | D        | Killed Blork the orc
   681 | D        | Reached XP level 7. HP: 15/78 MP: 1/12
   681 | D        | Killed Edmund
   682 | D        | Reached skill level 11 in Maces & Flails
   976 | D        | Noticed Prince Ribbit
   979 | D        | Killed Prince Ribbit
   980 | D        | Reached skill level 12 in Maces & Flails
   981 | D        | Noticed a yaktaur
   984 | D        | Killed a yaktaur
   985 | D        | Reached skill level 13 in Maces & Flails
   985 | D        | Reached skill level 10 in Invocations
   985 | D        | Reached XP level 8. HP: 87/87 MP: 13/15
  1008 | D        | Reached ****** piety under Cheibriados
  1178 | D        | Noticed a tyrant leech
  1178 | D        | Noticed an efreet
  1181 | D        | Killed an efreet
  1185 | D        | Reached skill level 14 in Maces & Flails
  1197 | D        | Mangled by a tyrant leech

Illustrated notes

Levels and vault maps discovered:
D:        pitsprint [storerooms_1, entrance_room_1, metal_vault_1, armoury_2,
          mini_pit_1, grid_room_1, main_hall_1, silver_pit, the_coven_3,
          the_vestibule_1, steel_vault_5, golden_pit, hallway_of_sentries,
          crystal_vault_3, iron_vault_4, final_vault]

Skill      XL: |  1  2  3  4  5  6  7  8 |
---------------+-------------------------+-----
Maces & Flails | 4 5 8 9 10 13 14 | 14.0
Invocations    | 1 5 6 7 10 11 | 11.1
Fighting       | 7 |  7.0
Throwing       | |  2.0
Dodging        | |  2.6

Action                     |  1- 3 |  4- 6 |  7- 9 || total
---------------------------+-------+-------+-------++-------
  Melee: Flail             |    37 |    12 |     1 ||    50
         Dire flail        |       |       |    25 ||    25
  Throw: Dart              |       |       |     1 ||     1
 Invoke: Slouch            |       |     2 |     3 ||     5
    Use: Potion            |       |     2 |     3 ||     5
         Scroll            |       |       |     2 ||     2
   Stab: Sleeping          |       |       |     2 ||     2
         Distracted        |       |       |     1 ||     1
 Armour: Robe              |    21 |    13 |    22 ||    56
  Dodge: Dodged            |    15 |    12 |     9 ||    36

Table legend: (Time is in decaauts)
 A = Elapsed time spent in this place.
 B = Non-inter-level travel time spent in this place.
 C = Inter-level travel time spent in this place.
 D = Time resting spent in this place.
 E = Time spent auto-exploring this place.
 F = Levels seen in this place.
 G = Mean time per level.
                   A        B        C        D        E       F      G
               +--------+--------+--------+--------+--------+-----+--------+
         Total |   1292 |   1255 |     37 |    922 |      0 |   1 | 1292.0 |
       Dungeon |   1292 |   1255 |     37 |    922 |      0 |   1 | 1292.0 |
               +--------+--------+--------+--------+--------+-----+--------+

Top non-repeatable levels by time:
       D: 1292 daAuts
